 Dungeon Crawl Stone Soup version 0.29.0-4-gdea44cf6ec (webtiles) character file.

Game seed: 13384541886829599484

19443 qw the Brawler (level 12, -2/114 HPs)
             Began as a Troll Cinder Acolyte on Sept 1, 2022.
             Was a Priest of Okawaru.
             Slain by a six-headed hydra (10 damage)
             ... on level 5 of the Lair of Beasts.
             The game lasted 00:05:33 (8682 turns).

qw the Brawler (Troll Cinder Acolyte)               Turns: 8682, Time: 00:05:33

Health: -2/114     AC: 16    Str: 29    XL:     12   Next: 36%
Magic:  12/14      EV: 11    Int:  8    God:    Okawaru [***...]
Gold:   703        SH:  4    Dex: 10    Spells: 13/13 levels left

rFire   . . .      SeeInvis +     - Unarmed
rCold   + . .      Faith    .   (no shield)
rNeg    . . .      Spirit   .   f - +3 swamp dragon scales
rPois   +          Reflect  .   j - +0 hat "Duerph" {Int-2 Dex+5}
rElec   .          Harm     .   (no cloak)
rCorr   .          Rampage  .   (gloves unavailable)
Will    .....                   (boots unavailable)
Stlth   ++........              (no amulet)
HPRegen 1.09/turn               n - ring of protection from cold
MPRegen 0.14/turn               b - ring of see invisible

@: about to teleport, heroic, fire susceptible
A: large, unfitting armour, claws 3, regeneration 1, shaggy fur 1, tough skin 1,
hooves 1, large bone plates 1, deterioration 1, MP-powered wands
a: Renounce Religion, Heroism


You were on level 5 of the Lair of Beasts.
You worshipped Okawaru.
Okawaru was most pleased with you.
You visited 3 branches of the dungeon, and saw 14 of its levels.

You collected 838 gold pieces.
You spent 135 gold pieces at shops.


Innate Abilities, Weirdness & Mutations

You are too large for most types of armour.
You have claws for hands.
Your natural rate of healing is unusually fast.
You are covered in fur. (AC +1)
You have tough skin. (AC +1)
You have large cloven feet.
You are partially covered in large bone plates. (SH +4)
Your body sometimes deteriorates upon taking damage.
You expend magic power (3 MP) to strengthen your wands.


   Skills:
 - Level 6.0(11.0) Fighting
 - Level 2.1(7.1) Throwing
 - Level 9.1(14.1) Armour
 - Level 3.1(8.1) Dodging
 + Level 15.7(20.7) Unarmed Combat
 - Level 1.0 Spellcasting
 - Level 2.1 Fire Magic
 - Level 4.0 Invocations


You had 13 spell levels left.
You didn't know any spells.
Your spell library contained the following spells:

 Spells                   Type           Power      Damage    Failure   Level
 Scorch                   Fire           6%         2d5       30%         2

Inventory:

Missiles
 c - 4 boomerangs (quivered)
Armour
 f - +3 swamp dragon scales (worn)
 j - the +0 hat "Duerph" (worn) {Int-2 Dex+5}
   (You acquired it on level 1 of the Lair of Beasts)

   Int:       It affects your intelligence (-2).
   Dex:       It affects your dexterity (+5).
Jewellery
 b - a ring of see invisible (right claw)
 g - a ring of see invisible
 n - a ring of protection from cold (left claw)
Scrolls
 e - 9 scrolls of identify
 l - a scroll of enchant weapon
Potions
 a - a potion of resistance
 d - a potion of curing
 i - a potion of haste

Dungeon Overview and Level Annotations

Branches:
Dungeon (9/15)             Temple (1/1) D:5            Lair (3/5) D:8
  Swamp: Lair:2-3    Shoals: Lair:2-3     Snake: Lair:2-3    Spider: Lair:2-3
    Orc: D:9-12

Altars:
Elyvilon
Fedhas
Hepliaklqana
Kikubaaqudgha
Nemelex Xobeh
Okawaru
Ru
Sif Muna
Uskayaw
Vehumet
Wu Jian
Xom
Yredelemnul
Zin

Shops:
D:4 ?

Annotations:
D:4 2 runed translucent doors
D:6 1 runed translucent door, Crazy Yiuf


Message History

You kill the elephant!
Okawaru accepts your kill. You block the yak's attack.
A yak comes into view.
The elephant misses you.
The elephant trunk-slaps you but does no damage.
The komodo dragon bites you!!
An elephant comes into view.
The yak bellows!
You mangle the elephant!! You claw the elephant!!
The elephant is severely wounded.
The komodo dragon barely misses you. The elephant tramples you.
You hold your ground!
The elephant trunk-slaps you but does no damage.
An elephant comes into view.
You scratch the elephant but do no damage.
You kick the elephant, but do no damage.
The elephant is severely wounded.
You mangle the elephant!!
You kill the elephant!
Okawaru accepts your kill.
An elephant comes into view.
A yak comes into view.
The komodo dragon bites you!! The six-headed hydra barely misses you.
The six-headed hydra bites you!
The six-headed hydra bites you but does no damage.
The six-headed hydra bites you. The six-headed hydra misses you.
The six-headed hydra barely misses you.
8682 ||| READING scroll of teleportation.
As you read the scroll of teleportation, it crumbles to dust.
You feel strangely unstable. The yak closely misses you.
An elephant comes into view.
The komodo dragon bites you!
The six-headed hydra bites you but does no damage.
The six-headed hydra bites you!
The six-headed hydra bites you but does no damage.
You block the six-headed hydra's attack.
The six-headed hydra bites you but does no damage.
The six-headed hydra bites you!
You die...

.......###.Y......
#........Y..Y#...
.##.........YYY.#
#..............#
##..........Y.#
#...........###
#.......YYY##
.......YDl##
P#####%@## ##
####%###
##..#.....#
.........##
#......###P#
#..........#
####..%....#
##.....## #.#.P..#


You could see a six-headed hydra, 6 elephants, a komodo dragon and 4 yaks.

Vanquished Creatures
  Gastronok (D:8)
  A hydra (Lair:2)
  10 elephants
  A cane toad (Lair:5)
  Maggie (D:6)
  2 rime drakes
  2 polar bears (Lair:1)
  A hornet (D:8)
  4 blink frogs (Lair:1)
  Prince Ribbit (D:6)
  Sigmund (D:4)
  Eustachio (D:4)
  25 yaks
  A basilisk (Lair:5)
  2 steam dragons
  Edmund (D:4)
  8 water moccasins
  Duvessa (D:6)
  An orc warrior (D:7)
  3 black bears
  An ice beast (D:5)
  3 sky beasts
  An ogre (D:7)
  2 phantoms (D:5)
  A kobold brigand (D:7)
  8 bullfrogs
  3 scorpions
  16 wights
  Dowan (D:6)
  3 killer bees (D:8)
  3 jellies
  4 orc priests
  4 hounds
  7 iguanas
  4 orc wizards
  4 hell rats (Lair:1)
  14 gnolls
  6 adders
  3 shadow imps
  2 white imps
  An ufetubus (D:5)
  3 worms
  2 dart slugs
  23 orcs
  7 endoplasms
  5 giant cockroaches
  7 goblins
  8 hobgoblins
  3 quokkas
  5 ball pythons
  4 bats
  A frilled lizard (D:3)
  11 kobolds
  5 rats
243 creatures vanquished.

Vanquished Creatures (others)
  3 fungi
  6 plants
9 creatures vanquished.

Grand Total: 252 creatures vanquished

Notes
Turn   | Place    | Note
-------+----------+-------------------------------------------
     0 | D:1      | qw the Troll Cinder Acolyte began the quest for the Orb.
     0 | D:1      | Reached XP level 1. HP: 22/22 MP: 1/1
     0 | D:1      | 0 ||| qw: Version: 0.1-a-97-g2dd2ca4
     0 | D:1      | 0 ||| qw: Game counter: 4704
     0 | D:1      | 0 ||| qw: Always use a shield: true
     0 | D:1      | 0 ||| qw: God list: Okawaru
     0 | D:1      | 0 ||| qw: Allow faded altars: false
     0 | D:1      | 0 ||| qw: Do Orc after D:15 true
     0 | D:1      | 0 ||| qw: Do second Lair branch before Depths: true
     0 | D:1      | 0 ||| qw: Lair rune preference: random
     0 | D:1      | 0 ||| qw: Plans: Normal
     0 | D:1      | 0 ||| PLANNING D:1-11
   167 | D:1      | 167 ||| Stepping ~*~*~tactically~*~*~ (hiding).
   177 | D:1      | Reached XP level 2. HP: 27/29 MP: 2/2
   183 | D:1      | Found a faded altar of an unknown god.
   195 | D:1      | 195 ||| Stepping ~*~*~tactically~*~*~ (stealth).
   281 | D:1      | 281 ||| Stepping ~*~*~tactically~*~*~ (outnumbered).
   282 | D:1      | 282 ||| Stepping ~*~*~tactically~*~*~ (outnumbered).
   283 | D:1      | 283 ||| Stepping ~*~*~tactically~*~*~ (outnumbered).
   284 | D:1      | 284 ||| Stepping ~*~*~tactically~*~*~ (outnumbered).
   482 | D:1      | Reached skill level 4 in Unarmed Combat
   789 | D:1      | 789 ||| READING 2 scrolls labelled SAKLOE DUDUPUS.
   790 | D:1      | 790 ||| READING scroll labelled SIR UNUICESSEP.
   791 | D:1      | 791 ||| READING scroll labelled BOHOTU RISM.
   794 | D:1      | 794 ||| READING scroll labelled DECVAO IPAIS.
   945 | D:2      | Reached XP level 3. HP: 34/36 MP: 3/3
  1003 | D:2      | 1003 ||| Stepping ~*~*~tactically~*~*~ (hiding).
  1310 | D:2      | 1310 ||| Stepping ~*~*~tactically~*~*~ (stealth).
  1623 | D:2      | 1623 ||| UPGRADING to ring of protection from cold.
  1624 | D:2      | 1624 ||| READING scroll labelled DAMNIXTUZATA.
  1625 | D:2      | 1625 ||| READING scroll labelled ONWEUL EG POIN.
  1626 | D:2      | 1626 ||| READING scroll labelled SUULU GAMEOT.
  1627 | D:2      | 1627 ||| READING scroll labelled LAODAN ZI TEDU.
  1645 | D:2      | 1645 ||| READING scroll labelled OVAXYUBEMN.
  1646 | D:2      | 1646 ||| READING scroll labelled LIOKYOPSOA.
  1647 | D:2      | 1647 ||| READING scroll labelled TAIDISHU YJUSK.
  1648 | D:2      | 1648 ||| DRINKING 3 dark potions.
  1649 | D:2      | 1649 ||| DROPPING 2 potions of brilliance.
  1650 | D:2      | 1650 ||| Stepping randomly (stuck).
  1651 | D:2      | 1651 ||| Stepping randomly (stuck).
  1652 | D:2      | 1652 ||| Stepping ~*~*~tactically~*~*~ (cloud).
  1708 | D:3      | 1708 ||| Stepping ~*~*~tactically~*~*~ (stealth).
  1710 | D:3      | 1710 ||| Stepping ~*~*~tactically~*~*~ (hiding).
  1716 | D:3      | 1716 ||| INVOKING Fiery Armour.
  1720 | D:3      | Reached skill level 5 in Unarmed Combat
  1720 | D:3      | Reached XP level 4. HP: 35/44 MP: 4/4
  1845 | D:3      | 1845 ||| Stepping ~*~*~tactically~*~*~ (stealth).
  1850 | D:3      | 1850 ||| Stepping ~*~*~tactically~*~*~ (stealth).
  1859 | D:3      | 1859 ||| Stepping ~*~*~tactically~*~*~ (stealth).
  2274 | D:3      | 2274 ||| UPGRADING to ring of see invisible.
  2275 | D:3      | 2275 ||| READING scroll labelled JONEOD LUNIQUN.
  2276 | D:3      | 2276 ||| READING scroll labelled KOAGER BANO.
  2277 | D:3      | 2277 ||| READING 4 scrolls of identify.
  2277 | D:3      | 2277 ||| IDENTIFYING bubbling yellow potion
  2278 | D:3      | 2278 ||| READING 3 scrolls of identify.
  2278 | D:3      | 2278 ||| IDENTIFYING lumpy white potion
  2279 | D:3      | 2279 ||| READING 2 scrolls of identify.
  2279 | D:3      | 2279 ||| IDENTIFYING clear potion
  2280 | D:3      | 2280 ||| DROPPING potion of attraction.
  2281 | D:3      | 2281 ||| DROPPING potion of lignification.
  2282 | D:3      | 2282 ||| DROPPING potion of magic.
  2331 | D:4      | Found Bumuz's Magic Scroll Boutique.
  2334 | D:4      | 2334 ||| BUYING scroll of enchant armour (75 gold).
  2334 | D:4      | Bought a scroll of enchant armour for 75 gold pieces
  2334 | D:4      | 2334 ||| BUYING scroll of identify (20 gold).
  2334 | D:4      | Bought a scroll of identify for 20 gold pieces
  2334 | D:4      | 2334 ||| BUYING scroll of identify (20 gold).
  2334 | D:4      | Bought a scroll of identify for 20 gold pieces
  2334 | D:4      | 2334 ||| BUYING scroll of identify (20 gold).
  2334 | D:4      | Bought a scroll of identify for 20 gold pieces
  2334 | D:4      | 2334 ||| SHOPLISTING scroll of identify (20 gold, have 19).
  2334 | D:4      | 2334 ||| SHOPLISTING scroll of teleportation (30 gold, have
                  | 19).
  2344 | D:4      | Reached XP level 5. HP: 48/50 MP: 5/5
  2387 | D:4      | 2387 ||| Stepping ~*~*~tactically~*~*~ (outnumbered).
  2388 | D:4      | 2388 ||| Stepping ~*~*~tactically~*~*~ (outnumbered).
  2389 | D:4      | 2389 ||| Stepping ~*~*~tactically~*~*~ (outnumbered).
  2390 | D:4      | 2390 ||| Stepping ~*~*~tactically~*~*~ (outnumbered).
  2446 | D:4      | 2446 ||| INVOKING Fiery Armour.
  2450 | D:4      | Reached skill level 6 in Unarmed Combat
  2799 | D:4      | Found a large runed translucent door.
  2807 | D:4      | Found a large runed translucent door.
  2836 | D:4      | 2836 ||| INVOKING Fiery Armour.
  2838 | D:4      | Reached XP level 6. HP: 32/59 MP: 6/6
  2944 | D:4      | Reached skill level 7 in Unarmed Combat
  2975 | D:4      | Noticed Eustachio
  2987 | D:4      | 2987 ||| INVOKING Fiery Armour.
  2994 | D:4      | Killed Eustachio
  3004 | D:4      | 3004 ||| Stepping ~*~*~tactically~*~*~ (stealth).
  3062 | D:4      | Noticed Sigmund
  3071 | D:4      | Killed Sigmund
  3072 | D:4      | Reached skill level 8 in Unarmed Combat
  3072 | D:4      | Reached XP level 7. HP: 66/66 MP: 7/7
  3085 | D:4      | Noticed Edmund
  3089 | D:4      | Killed Edmund
  3090 | D:4      | Reached skill level 3 in Fighting
  3189 | D:4      | 3189 ||| READING 9 scrolls of identify.
  3189 | D:4      | 3189 ||| IDENTIFYING viscous brown potion
  3190 | D:4      | 3190 ||| READING 8 scrolls of identify.
  3190 | D:4      | 3190 ||| IDENTIFYING brown potion
  3191 | D:4      | 3191 ||| READING 7 scrolls of identify.
  3191 | D:4      | 3191 ||| IDENTIFYING white potion
  3192 | D:4      | 3192 ||| DROPPING potion of berserk rage.
  3204 | D:5      | Entered Level 5 of the Dungeon
  3216 | D:5      | 3216 ||| Stepping ~*~*~tactically~*~*~ (stealth).
  3251 | D:5      | 3251 ||| Stepping ~*~*~tactically~*~*~ (stealth).
  3287 | D:5      | Found a staircase to the Ecumenical Temple.
  3311 | D:5      | 3311 ||| FLEEEEING.
  3312 | D:5      | 3312 ||| FLEEEEING.
  3314 | D:5      | 3314 ||| FLEEEEING.
  3315 | D:5      | 3315 ||| FLEEEEING.
  3316 | D:5      | 3316 ||| FLEEEEING.
  3317 | D:5      | 3317 ||| FLEEEEING.
  3321 | D:5      | 3321 ||| Stepping ~*~*~tactically~*~*~ (outnumbered).
  3322 | D:5      | 3322 ||| Stepping ~*~*~tactically~*~*~ (outnumbered).
  3323 | D:5      | 3323 ||| Stepping ~*~*~tactically~*~*~ (outnumbered).
  3324 | D:5      | 3324 ||| Stepping ~*~*~tactically~*~*~ (outnumbered).
  3325 | D:5      | 3325 ||| Stepping ~*~*~tactically~*~*~ (outnumbered).
  3329 | D:5      | 3329 ||| Stepping ~*~*~tactically~*~*~ (outnumbered).
  3332 | D:5      | 3332 ||| Stepping ~*~*~tactically~*~*~ (outnumbered).
  3333 | D:5      | 3333 ||| Stepping ~*~*~tactically~*~*~ (outnumbered).
  3338 | D:5      | 3338 ||| INVOKING Fiery Armour.
  3339 | D:5      | 3339 ||| Stepping ~*~*~tactically~*~*~ (outnumbered).
  3340 | D:5      | 3340 ||| Stepping ~*~*~tactically~*~*~ (outnumbered).
  3341 | D:5      | Reached skill level 9 in Unarmed Combat
  3341 | D:5      | 3341 ||| Stepping ~*~*~tactically~*~*~ (outnumbered).
  3342 | D:5      | 3342 ||| Stepping ~*~*~tactically~*~*~ (outnumbered).
  3343 | D:5      | 3343 ||| Stepping ~*~*~tactically~*~*~ (outnumbered).
  3344 | D:5      | 3344 ||| Stepping ~*~*~tactically~*~*~ (outnumbered).
  3345 | D:5      | 3345 ||| Stepping ~*~*~tactically~*~*~ (outnumbered).
  3355 | D:5      | Reached skill level 1 in Dodging
  3355 | D:5      | Reached XP level 8. HP: 37/75 MP: 8/8
  3866 | D:5      | Found a hazy altar of Hepliaklqana.
  4151 | D:6      | 4151 ||| Stepping ~*~*~tactically~*~*~ (stealth).
  4185 | D:6      | Noticed Duvessa
  4187 | D:6      | Noticed Dowan
  4188 | D:6      | 4188 ||| Stepping ~*~*~tactically~*~*~ (hiding).
  4191 | D:6      | 4191 ||| INVOKING Fiery Armour.
  4193 | D:6      | Killed Duvessa
  4194 | D:6      | Reached skill level 10 in Unarmed Combat
  4199 | D:6      | Killed Dowan
  4256 | D:6      | Found an ancient bone altar of Kikubaaqudgha.
  4256 | D:6      | Noticed Prince Ribbit
  4260 | D:6      | Killed Prince Ribbit
  4354 | D:6      | Reached skill level 11 in Unarmed Combat
  4443 | D:6      | Noticed Maggie
  4452 | D:6      | 4452 ||| INVOKING Fiery Armour.
  4454 | D:6      | HP: 18/78 [Maggie/+2 broad axe of pain (4)]
  4455 | D:6      | 4455 ||| READING scroll of teleportation.
  4458 | D:6      | Killed Maggie
  4459 | D:6      | Reached XP level 9. HP: 23/84 MP: 9/9
  4584 | D:6      | 4584 ||| Stepping ~*~*~tactically~*~*~ (stealth).
  4586 | D:6      | 4586 ||| Stepping ~*~*~tactically~*~*~ (hiding).
  4592 | D:6      | 4592 ||| INVOKING Fiery Armour.
  4649 | D:6      | Reached skill level 12 in Unarmed Combat
  4650 | D:6      | 4650 ||| Stepping ~*~*~tactically~*~*~ (outnumbered).
  4670 | D:6      | 4670 ||| DRINKING 2 potions of curing.
  4670 | D:6      | 4670 ||| (to cure confusion)
  4671 | D:6      | 4671 ||| Stepping ~*~*~tactically~*~*~ (outnumbered).
  4677 | D:6      | 4677 ||| FLEEEEING.
  4679 | D:6      | 4679 ||| FLEEEEING.
  4680 | D:6      | 4680 ||| FLEEEEING.
  4681 | D:6      | 4681 ||| FLEEEEING.
  4682 | D:6      | 4682 ||| FLEEEEING.
  4683 | D:6      | 4683 ||| FLEEEEING.
  4684 | D:6      | 4684 ||| FLEEEEING.
  4685 | D:6      | 4685 ||| FLEEEEING.
  4686 | D:6      | 4686 ||| FLEEEEING.
  4687 | D:6      | 4687 ||| STAIRDANCE
  4710 | D:5      | 4710 ||| UPGRADING to +0 swamp dragon scales.
  4720 | D:5      | 4720 ||| DROPPING +0 robe.
  4721 | D:5      | 4721 ||| READING scroll of enchant armour.
  4721 | D:5      | 4721 ||| ENCHANTING +0 swamp dragon scales.
  4722 | D:5      | 4722 ||| DROPPING amulet of magic regeneration.
  4723 | D:5      | 4723 ||| READING 10 scrolls of identify.
  4723 | D:5      | 4723 ||| IDENTIFYING smoky emerald potion
  4724 | D:5      | 4724 ||| DRINKING potion of experience.
  4724 | D:5      | Reached skill level 9 in Armour
  4724 | D:5      | Reached XP level 10. HP: 95/95 MP: 10/10
  4897 | D:6      | Found a runed translucent door.
  4898 | D:6      | Noticed Crazy Yiuf
  4986 | D:6      | 4986 ||| Stepping ~*~*~tactically~*~*~ (hiding).
  4990 | D:6      | 4990 ||| Stepping ~*~*~tactically~*~*~ (hiding).
  5078 | D:6      | 5078 ||| Stepping randomly (stuck).
  5342 | D:7      | 5342 ||| Stepping ~*~*~tactically~*~*~ (outnumbered).
  5343 | D:7      | 5343 ||| Stepping ~*~*~tactically~*~*~ (outnumbered).
  5347 | D:7      | 5347 ||| Stepping ~*~*~tactically~*~*~ (outnumbered).
  5348 | D:7      | 5348 ||| Stepping ~*~*~tactically~*~*~ (outnumbered).
  5349 | D:7      | 5349 ||| Stepping ~*~*~tactically~*~*~ (outnumbered).
  5350 | D:7      | 5350 ||| Stepping ~*~*~tactically~*~*~ (outnumbered).
  5351 | D:7      | 5351 ||| Stepping ~*~*~tactically~*~*~ (outnumbered).
  5352 | D:7      | 5352 ||| Stepping ~*~*~tactically~*~*~ (outnumbered).
  5355 | D:7      | 5355 ||| Stepping ~*~*~tactically~*~*~ (outnumbered).
  5366 | D:7      | 5366 ||| Stepping ~*~*~tactically~*~*~ (stealth).
  5367 | D:7      | 5367 ||| Stepping ~*~*~tactically~*~*~ (stealth).
  5393 | D:7      | 5393 ||| READING scroll of enchant armour.
  5393 | D:7      | 5393 ||| ENCHANTING +1 swamp dragon scales.
  5470 | D:7      | 5470 ||| Stepping ~*~*~tactically~*~*~ (stealth).
  5508 | D:7      | 5508 ||| Stepping ~*~*~tactically~*~*~ (outnumbered).
  5511 | D:7      | 5511 ||| Stepping ~*~*~tactically~*~*~ (outnumbered).
  5512 | D:7      | 5512 ||| Stepping ~*~*~tactically~*~*~ (outnumbered).
  5515 | D:7      | 5515 ||| FLEEEEING.
  5516 | D:7      | 5516 ||| FLEEEEING.
  5517 | D:7      | 5517 ||| FLEEEEING.
  5518 | D:7      | 5518 ||| FLEEEEING.
  5520 | D:7      | 5520 ||| FLEEEEING.
  5521 | D:7      | 5521 ||| FLEEEEING.
  5522 | D:7      | 5522 ||| FLEEEEING.
  5523 | D:7      | 5523 ||| FLEEEEING.
  5714 | D:7      | 5714 ||| READING 9 scrolls of identify.
  5714 | D:7      | 5714 ||| IDENTIFYING metallic black potion
  5764 | D:8      | 5764 ||| Stepping ~*~*~tactically~*~*~ (stealth).
  5766 | D:8      | 5766 ||| Stepping ~*~*~tactically~*~*~ (stealth).
  5793 | D:8      | 5793 ||| Stepping ~*~*~tactically~*~*~ (outnumbered).
  5798 | D:8      | 5798 ||| Stepping ~*~*~tactically~*~*~ (outnumbered).
  5862 | D:8      | Found a staircase to the Lair.
  6021 | D:8      | 6021 ||| Stepping ~*~*~tactically~*~*~ (hiding).
  6049 | D:8      | Noticed Gastronok
  6053 | D:8      | 6053 ||| INVOKING Fiery Armour.
  6054 | D:8      | HP: 20/96 [Gastronok/the air (25)]
  6062 | D:8      | Killed Gastronok
  6063 | D:8      | Reached skill level 13 in Unarmed Combat
  6063 | D:8      | Reached XP level 11. HP: 30/102 MP: 11/11
  6145 | D:8      | 6145 ||| READING scroll of enchant armour.
  6145 | D:8      | 6145 ||| ENCHANTING +2 swamp dragon scales.
  6254 | D:8      | You fall into a shaft and drop 1 floor!
  6257 | D:9      | 6257 ||| UPGRADING to +1 hat of stealth.
  6262 | D:9      | 6262 ||| READING scroll labelled XOOCAASA NEEJ.
  6329 | D:8      | 6329 ||| Stepping ~*~*~tactically~*~*~ (outnumbered).
  6330 | D:8      | 6330 ||| Stepping ~*~*~tactically~*~*~ (outnumbered).
  6331 | D:8      | 6331 ||| Stepping ~*~*~tactically~*~*~ (outnumbered).
  6332 | D:8      | 6332 ||| Stepping ~*~*~tactically~*~*~ (outnumbered).
  6333 | D:8      | 6333 ||| Stepping ~*~*~tactically~*~*~ (outnumbered).
  6335 | D:8      | 6335 ||| Stepping ~*~*~tactically~*~*~ (outnumbered).
  6437 | D:8      | 6437 ||| Stepping ~*~*~tactically~*~*~ (outnumbered).
  6438 | D:8      | 6438 ||| Stepping ~*~*~tactically~*~*~ (outnumbered).
  6439 | D:8      | 6439 ||| Stepping ~*~*~tactically~*~*~ (outnumbered).
  6440 | D:8      | 6440 ||| Stepping ~*~*~tactically~*~*~ (outnumbered).
  6441 | D:8      | 6441 ||| Stepping ~*~*~tactically~*~*~ (hiding).
  6443 | D:8      | 6443 ||| Stepping ~*~*~tactically~*~*~ (outnumbered).
  6444 | D:8      | 6444 ||| Stepping ~*~*~tactically~*~*~ (outnumbered).
  6476 | D:8      | 6476 ||| Stepping ~*~*~tactically~*~*~ (stealth).
  6478 | D:8      | 6478 ||| Stepping ~*~*~tactically~*~*~ (stealth).
  6479 | D:8      | 6479 ||| Stepping ~*~*~tactically~*~*~ (stealth).
  6480 | D:8      | 6480 ||| Stepping ~*~*~tactically~*~*~ (stealth).
  6481 | D:8      | 6481 ||| INVOKING Fiery Armour.
  6486 | D:8      | 6486 ||| Stepping ~*~*~tactically~*~*~ (outnumbered).
  6489 | D:8      | 6489 ||| Stepping ~*~*~tactically~*~*~ (outnumbered).
  6490 | D:8      | 6490 ||| Stepping ~*~*~tactically~*~*~ (outnumbered).
  6491 | D:8      | 6491 ||| Stepping ~*~*~tactically~*~*~ (outnumbered).
  6492 | D:8      | 6492 ||| Stepping ~*~*~tactically~*~*~ (outnumbered).
  6493 | D:8      | 6493 ||| Stepping ~*~*~tactically~*~*~ (outnumbered).
  6494 | D:8      | 6494 ||| Stepping ~*~*~tactically~*~*~ (outnumbered).
  6495 | D:8      | 6495 ||| Stepping ~*~*~tactically~*~*~ (outnumbered).
  6496 | D:8      | 6496 ||| Stepping ~*~*~tactically~*~*~ (outnumbered).
  6497 | D:8      | 6497 ||| Stepping ~*~*~tactically~*~*~ (outnumbered).
  6498 | D:8      | 6498 ||| Stepping ~*~*~tactically~*~*~ (outnumbered).
  6499 | D:8      | 6499 ||| Stepping ~*~*~tactically~*~*~ (outnumbered).
  6500 | D:8      | 6500 ||| Stepping ~*~*~tactically~*~*~ (outnumbered).
  6501 | D:8      | 6501 ||| Stepping ~*~*~tactically~*~*~ (outnumbered).
  6503 | D:8      | 6503 ||| Stepping ~*~*~tactically~*~*~ (outnumbered).
  6505 | D:8      | 6505 ||| FLEEEEING.
  6506 | D:8      | 6506 ||| FLEEEEING.
  6507 | D:8      | 6507 ||| FLEEEEING.
  6508 | D:8      | 6508 ||| FLEEEEING.
  6509 | D:8      | 6509 ||| FLEEEEING.
  6510 | D:8      | 6510 ||| FLEEEEING.
  6511 | D:8      | 6511 ||| FLEEEEING.
  6512 | D:8      | 6512 ||| FLEEEEING.
  6516 | D:8      | 6516 ||| Stepping ~*~*~tactically~*~*~ (outnumbered).
  6523 | D:8      | 6523 ||| Stepping ~*~*~tactically~*~*~ (outnumbered).
  6524 | D:8      | 6524 ||| Stepping ~*~*~tactically~*~*~ (outnumbered).
  6529 | D:8      | 6529 ||| Stepping ~*~*~tactically~*~*~ (outnumbered).
  6530 | D:8      | 6530 ||| Stepping ~*~*~tactically~*~*~ (outnumbered).
  6532 | D:8      | 6532 ||| Stepping ~*~*~tactically~*~*~ (outnumbered).
  6534 | D:8      | 6534 ||| Stepping ~*~*~tactically~*~*~ (outnumbered).
  6535 | D:8      | 6535 ||| Stepping ~*~*~tactically~*~*~ (outnumbered).
  6536 | D:8      | 6536 ||| Stepping ~*~*~tactically~*~*~ (outnumbered).
  6537 | D:8      | 6537 ||| Stepping ~*~*~tactically~*~*~ (outnumbered).
  6542 | D:8      | Reached skill level 14 in Unarmed Combat
  6838 | D:8      | 6838 ||| PLANNING LAIR
  6838 | D:8      | 6838 ||| READING scroll labelled ZUEMAMOTHA.
  6916 | Lair:1   | Entered Level 1 of the Lair of Beasts
  6987 | Lair:1   | 6987 ||| Stepping ~*~*~tactically~*~*~ (stealth).
  6989 | Lair:1   | 6989 ||| Stepping ~*~*~tactically~*~*~ (stealth).
  6998 | Lair:1   | 6998 ||| Stepping ~*~*~tactically~*~*~ (outnumbered).
  6999 | Lair:1   | 6999 ||| Stepping ~*~*~tactically~*~*~ (outnumbered).
  7004 | Lair:1   | 7004 ||| INVOKING Fiery Armour.
  7004 | Lair:1   | HP: 24/102 [yak (12)]
  7005 | Lair:1   | 7005 ||| READING scroll of teleportation.
  7008 | Lair:1   | HP: 6/102 [hell rat (6)]
  7187 | Lair:1   | 7187 ||| Stepping ~*~*~tactically~*~*~ (stealth).
  7213 | Lair:1   | 7213 ||| Stepping ~*~*~tactically~*~*~ (stealth).
  7217 | Lair:1   | 7217 ||| Stepping ~*~*~tactically~*~*~ (stealth).
  7219 | Lair:1   | Reached skill level 1 in Throwing
  7221 | Lair:1   | 7221 ||| Stepping ~*~*~tactically~*~*~ (stealth).
  7223 | Lair:1   | 7223 ||| Stepping ~*~*~tactically~*~*~ (stealth).
  7228 | Lair:1   | 7228 ||| INVOKING Fiery Armour.
  7229 | Lair:1   | 7229 ||| Stepping ~*~*~tactically~*~*~ (outnumbered).
  7231 | Lair:1   | 7231 ||| Stepping ~*~*~tactically~*~*~ (outnumbered).
  7232 | Lair:1   | 7232 ||| Stepping ~*~*~tactically~*~*~ (outnumbered).
  7236 | Lair:1   | 7236 ||| Stepping ~*~*~tactically~*~*~ (outnumbered).
  7237 | Lair:1   | 7237 ||| Stepping ~*~*~tactically~*~*~ (stealth).
  7238 | Lair:1   | 7238 ||| Stepping ~*~*~tactically~*~*~ (outnumbered).
  7239 | Lair:1   | 7239 ||| Stepping ~*~*~tactically~*~*~ (outnumbered).
  7241 | Lair:1   | 7241 ||| Stepping ~*~*~tactically~*~*~ (stealth).
  7244 | Lair:1   | 7244 ||| Stepping ~*~*~tactically~*~*~ (outnumbered).
  7245 | Lair:1   | 7245 ||| Stepping ~*~*~tactically~*~*~ (outnumbered).
  7246 | Lair:1   | 7246 ||| Stepping ~*~*~tactically~*~*~ (outnumbered).
  7249 | Lair:1   | 7249 ||| Stepping ~*~*~tactically~*~*~ (outnumbered).
  7253 | Lair:1   | 7253 ||| Stepping ~*~*~tactically~*~*~ (outnumbered).
  7260 | Lair:1   | Reached skill level 6 in Fighting
  7819 | Lair:1   | 7819 ||| READING scroll labelled OKHLOU WERAS.
  7819 | Lair:1   | Identified a scroll of acquirement
  7819 | Lair:1   | 7819 ||| ACQUIRING +0 hat "Duerph" {Int-2 Dex+5}
  7819 | Lair:1   | Acquired the +0 hat "Duerph" {Int-2 Dex+5}
  7821 | Lair:1   | 7821 ||| UPGRADING to +0 hat "Duerph" {Int-2 Dex+5}.
  7831 | Lair:1   | 7831 ||| DROPPING +1 hat of stealth.
  7832 | Lair:1   | 7832 ||| DRINKING 2 fuming brown potions.
  7832 | Lair:1   | Gained mutation: Potions are less effective at restoring
                  | your health. [potion of mutation]
  7832 | Lair:1   | Gained mutation: Your mind is acute. (Int +4, Str/Dex -1)
                  | [potion of mutation]
  7832 | Lair:1   | Gained mutation: You are weak. (Str -2) [potion of
                  | mutation]
  7833 | Lair:1   | 7833 ||| DRINKING potion of mutation.
  7833 | Lair:1   | Lost mutation: Your mind is acute. (Int +4, Str/Dex -1)
                  | [potion of mutation]
  7833 | Lair:1   | Lost mutation: You are weak. (Str -2) [potion of mutation]
  7833 | Lair:1   | Lost mutation: Potions are less effective at restoring your
                  | health. [potion of mutation]
  7833 | Lair:1   | Gained mutation: Your body sometimes deteriorates upon
                  | taking damage. [potion of mutation]
  7833 | Lair:1   | Gained mutation: You are partially covered in large bone
                  | plates. (SH +4) [potion of mutation]
  7833 | Lair:1   | Gained mutation: You expend magic power (3 MP) to
                  | strengthen your wands. [potion of mutation]
  7833 | Lair:1   | Gained mutation: You have large cloven feet. [potion of
                  | mutation]
  7867 | Lair:2   | 7867 ||| STAIRDANCE
  7900 | Lair:2   | 7900 ||| INVOKING Fiery Armour.
  7901 | Lair:2   | 7901 ||| Stepping ~*~*~tactically~*~*~ (outnumbered).
  7902 | Lair:2   | 7902 ||| STAIRDANCE
  7904 | Lair:1   | 7904 ||| PLANNING TEMPLE
  8001 | Temple   | Entered the Ecumenical Temple
  8062 | Temple   | 8062 ||| PLANNING CONVERSION TO OKAWARU
  8069 | Temple   | Fell from the grace of Ignis
  8069 | Temple   | Became a worshipper of Warmaster Okawaru
  8070 | Temple   | 8070 ||| PLANNING LAIR
  8162 | Lair:2   | 8162 ||| STAIRDANCE
  8182 | Lair:2   | 8182 ||| STAIRDANCE
  8213 | Lair:2   | 8213 ||| STAIRDANCE
  8224 | Lair:1   | Reached * piety under Okawaru
  8225 | Lair:1   | 8225 ||| INVOKING Heroism.
  8263 | Lair:2   | 8263 ||| STAIRDANCE
  8265 | Lair:1   | 8265 ||| DRINKING 2 potions of curing.
  8265 | Lair:1   | 8265 ||| (to cure confusion)
  8281 | Lair:2   | 8281 ||| STAIRDANCE
  8283 | Lair:1   | 8283 ||| INVOKING Heroism.
  8284 | Lair:1   | 8284 ||| Stepping ~*~*~tactically~*~*~ (outnumbered).
  8285 | Lair:1   | 8285 ||| Stepping ~*~*~tactically~*~*~ (outnumbered).
  8286 | Lair:1   | 8286 ||| Stepping ~*~*~tactically~*~*~ (outnumbered).
  8290 | Lair:1   | 8290 ||| Stepping ~*~*~tactically~*~*~ (outnumbered).
  8292 | Lair:1   | Reached skill level 15 in Unarmed Combat
  8292 | Lair:1   | Reached skill level 1 in Invocations
  8353 | Lair:2   | 8353 ||| STAIRDANCE
  8355 | Lair:1   | 8355 ||| Stepping ~*~*~tactically~*~*~ (outnumbered).
  8356 | Lair:1   | 8356 ||| Stepping ~*~*~tactically~*~*~ (outnumbered).
  8357 | Lair:1   | 8357 ||| Stepping ~*~*~tactically~*~*~ (outnumbered).
  8358 | Lair:1   | 8358 ||| Stepping ~*~*~tactically~*~*~ (outnumbered).
  8392 | Lair:2   | 8392 ||| STAIRDANCE
  8394 | Lair:1   | 8394 ||| Stepping ~*~*~tactically~*~*~ (outnumbered).
  8395 | Lair:1   | 8395 ||| Stepping ~*~*~tactically~*~*~ (outnumbered).
  8396 | Lair:1   | 8396 ||| Stepping ~*~*~tactically~*~*~ (outnumbered).
  8403 | Lair:1   | Reached ** piety under Okawaru
  8409 | Lair:1   | Reached XP level 12. HP: 90/114 MP: 12/12
  8436 | Lair:2   | 8436 ||| INVOKING Heroism.
  8479 | Lair:2   | Noticed a seven-headed hydra
  8480 | Lair:2   | 8480 ||| INVOKING Heroism.
  8487 | Lair:2   | Killed a nine-headed hydra
  8488 | Lair:2   | Reached skill level 3 in Dodging
  8488 | Lair:2   | Reached skill level 3 in Invocations
  8519 | Lair:2   | You fall into a shaft and drop 1 floor!
  8530 | Lair:3   | 8530 ||| Stepping ~*~*~tactically~*~*~ (stealth).
  8536 | Lair:3   | 8536 ||| Stepping ~*~*~tactically~*~*~ (stealth).
  8539 | Lair:3   | 8539 ||| READING 10 scrolls of identify.
  8539 | Lair:3   | 8539 ||| IDENTIFYING green potion
  8540 | Lair:3   | 8540 ||| DROPPING potion of flight.
  8569 | Lair:3   | You fall into a shaft and drop 2 floors!
  8569 | Lair:5   | Entered Level 5 of the Lair of Beasts
  8603 | Lair:5   | 8603 ||| Stepping ~*~*~tactically~*~*~ (hiding).
  8612 | Lair:5   | Reached *** piety under Okawaru
  8621 | Lair:5   | 8621 ||| Stepping ~*~*~tactically~*~*~ (hiding).
  8653 | Lair:5   | 8653 ||| INVOKING Heroism.
  8655 | Lair:5   | 8655 ||| Stepping ~*~*~tactically~*~*~ (stealth).
  8657 | Lair:5   | Noticed a six-headed hydra
  8661 | Lair:5   | 8661 ||| Stepping ~*~*~tactically~*~*~ (outnumbered).
  8662 | Lair:5   | 8662 ||| Stepping ~*~*~tactically~*~*~ (outnumbered).
  8663 | Lair:5   | 8663 ||| Stepping ~*~*~tactically~*~*~ (outnumbered).
  8664 | Lair:5   | 8664 ||| Stepping ~*~*~tactically~*~*~ (outnumbered).
  8674 | Lair:5   | 8674 ||| INVOKING Heroism.
  8681 | Lair:5   | HP: 25/114 [six-headed hydra (8)]
  8682 | Lair:5   | 8682 ||| READING scroll of teleportation.
  8682 | Lair:5   | HP: 8/114 [six-headed hydra (8)]
  8682 | Lair:5   | Slain by a six-headed hydra

Levels and vault maps discovered:
D:1:      heliophobic_arrival_battle_scene, layout_basic,
          ebering_ecumenical_altar_petrified, hangedman_decor_growths,
          corexii_leaking_fountain, fountainhead
D:2:      layout_basic
D:3:      layout_basic
D:4:      layout_loops_ring, jmf_multi_god_temple2, serial_shops, shop,
          nicolae_hexahallways, sigmund_edmund_badplayer, uniq_eustachio
D:5:      layout_loops_ring, mainiacjoe_overflow_surrounded_room,
          minmay_temple_entry_junction, kennysheep_generic_room_12
D:6:      layout_basic, lemuel_round_altar, minivault_22, minmay_pentangle,
          uniq_crazy_yiuf_cottage, uniq_prince_ribbit1, uniq_duvessa,
          uniq_maggie
D:7:      layout_rooms, due_unseen_surprise
D:8:      layout_gridville, dpeg_oklobed_lair, uniq_gastronok
D:9:      layout_basic
Temple:   regret_index_temple_mists
Lair:1:   layout_gridlike, grunt_megastairs_1
Lair:2:   layout_hall_layers
Lair:3:   layout_gridlike, minmay_shoals_entry_lonely_mermaid,
          dummy_spider_entry, patterned_corridor, uniq_nessos
Lair:5:   minmay_lair_end_frog_pond, layout_cave_pods

Skill      XL: |  1  2  3  4  5  6  7  8  9 10 11 12 |
---------------+-------------------------------------+-----
Unarmed Combat | 4 5 6 8 9 11 12 13 15 | 15.7
Fighting       | 3 4 5 6 |  6.0
Dodging        | 1 2 3 |  3.1
Armour         | 9 |  9.1
Throwing       | 2 |  2.1
Invocations    | 2 4 |  4.0
Spellcasting   | |  1.0
Fire Magic     | |  2.1

Action                   |  1- 3 |  4- 6 |  7- 9 | 10-12 || total
-------------------------+-------+-------+-------+-------++-------
Melee: Unarmed           |    95 |   122 |   144 |   379 ||   740
       Punch             |       |     2 |     5 |    28 ||    35
       Kick              |       |       |       |    42 ||    42
Throw: Boomerang         |       |       |     1 |    39 ||    40
Invok: Fiery Armour      |     1 |     3 |     4 |     5 ||    13
       Heroism           |       |       |       |     6 ||     6
  Use: Scroll            |    11 |     5 |     6 |     9 ||    31
       Potion            |     1 |       |     2 |     3 ||     6
Armor: Robe              |    28 |    56 |    28 |       ||   112
       Swamp dragon scal |       |       |       |   218 ||   218
Dodge: Dodged            |    33 |    55 |    42 |   185 ||   315
Block: Other             |       |       |       |    32 ||    32

Table legend:
 A = Non-vault XP
 B = Vault XP
 C = Vault XP percentage of total XP
 D = Non-vault monster count
 E = Vault monster count
 F = Vault count percentage of total count
                 A         B        C        D         E       F
            +---------+---------+-------+---------+---------+-------
      Total |   19416 |    4513 |  18.9 |     221 |      22 |   9.1
            +---------+---------+-------+---------+---------+-------
        D:1 |      32 |       0 |   0.0 |      18 |       0 |   0.0
        D:2 |      42 |       0 |   0.0 |      16 |       0 |   0.0
        D:3 |      88 |       0 |   0.0 |      21 |       0 |   0.0
        D:4 |     332 |     605 |  64.6 |      19 |       3 |  13.6
        D:5 |     562 |      50 |   8.2 |      18 |       2 |  10.0
        D:6 |    1376 |    1315 |  48.9 |      26 |      11 |  29.7
        D:7 |     957 |       0 |   0.0 |      18 |       0 |   0.0
        D:8 |    3019 |    1507 |  33.3 |      35 |       1 |   2.8
     Lair:1 |    7232 |    1036 |  12.5 |      33 |       5 |  13.2
     Lair:2 |    1221 |       0 |   0.0 |       3 |       0 |   0.0
     Lair:3 |    1015 |       0 |   0.0 |       5 |       0 |   0.0
     Lair:5 |    3540 |       0 |   0.0 |       9 |       0 |   0.0
            +---------+---------+-------+---------+---------+-------
